 Dungeon Crawl Stone Soup version 0.31-a0-523-g071a6c1ffa (webtiles) character file.

Game seed: 4389902985944717177

100 GordonOverkill the Sneak (level 4, -1/25 HPs)
             Began as a Vine Stalker Delver on Aug 10, 2023.
             Succumbed to an orc's poison
             ... on level 5 of the Dungeon.
             The game lasted 00:01:19 (220 turns).

GordonOverkill the Sneak (Vine Stalker Delver)       Turns: 220, Time: 00:01:19

Health: -1/25      AC: 10    Str: 17    XL:     4   Next: 74%
Magic:  1/5        EV: 11    Int: 10    God:
Gold:   20         SH:  0    Dex: 15    Spells: 3/3 levels left

rFire   . . .        i - +1 dagger (protect)
rCold   . . .        (no shield)
rNeg    . . .        b - +0 leather armour
rPois   .            (no helmet)
rElec   .            (no cloak)
rCorr   .            (no gloves)
SInv    .            (no boots)
Will    .....        (no amulet)
Stlth   +++          (no ring)
HPRegen 1.04/turn    (no ring)
MPRegen 0.09/turn

%: guardian spirit
@: lethally poisoned (-1 -> -16), under a protective aura, hasted, very quick
A: fangs 2, regeneration 1, magic shield, antimagic bite, no potion heal 2
a: no special abilities


You were on level 5 of the Dungeon.
You visited 1 branch of the dungeon, and saw 2 of its levels.

You collected 20 gold pieces.

Inventory:

Hand Weapons
 a - a +0 mace
 i - a +1 dagger of protection (weapon)
Armour
 b - a +0 leather armour (worn)
Jewellery
 j - a ring of poison resistance
Wands
 g - a wand of digging (3)
Scrolls
 d - a scroll of revelation
 e - a scroll of amnesia {unknown}
 h - a scroll of identify {unknown}


   Skills:
 + Level 3.9 Fighting
 + Level 3.3 Maces & Flails
 - Level 1.5 Dodging
 - Level 6.0 Stealth


You had 3 spell levels left.
You didn't know any spells.
Your spell library was empty.

Dungeon Overview and Level Annotations

Branches:
Dungeon (6/15)
 Temple: D:4-7

Altars:


Innate Abilities, Weirdness & Mutations

You have extremely sharp teeth.
Your natural rate of healing is unusually fast.
When hurt, damage is shared between your health and your magic reserves.
Your bite disrupts and absorbs the magic of your enemies.
Potions cannot restore your health.


Message History

The orc wizard flickers and vanishes!
Deactivating autopickup; reactivate with Ctrl-A.
The orc throws a stone.
The stone hits you but does no damage.
You hit the orc.
Your weapon exudes an aura of protection.
The orc is severely wounded.
The orc closely misses you.
You hit the orc but do no damage.
The orc is severely wounded.
The orc hits you with a +2 hand axe of flaming.
The orc burns you.
You are too injured to fight recklessly!
You are too injured to fight recklessly!
You hit the orc.
The orc is heavily wounded.
The orc hits you but does no damage. x2
You are poisoned.
You hit the orc but do no damage. You bite the orc, but do no damage.
The orc is heavily wounded.
You feel very sick. The orc hits you with a +0 mace.
* * * LOW HITPOINT WARNING * * *
The orc hits you but does no damage.
You hit the orc.
The orc is almost dead.
You feel sick. The orc hits you with a +0 mace.
* * * LOW HITPOINT WARNING * * *
The orc hits you but does no damage.
You are lethally poisoned!
You feel yourself speed up.
* * * LOW HITPOINT WARNING * * *
You feel very sick. The orc barely misses you.
The orc hits you with a +1 dagger of venom.
* * * LOW HITPOINT WARNING * * *
You are more poisoned.
Something hits you but does no damage.
You hit the orc.
You kill the orc!
You die...

#..........#......#...
#..........#..........
##............#.##....
###..........####....
####..........#....
###........# ....
#.)........#. ....
#o........... ....
#@)o......... .%
#####........
#..........
##.......$. ##.#..#...
..#..{... ..#......
......... ..#. .....


You could see 2 orcs.

Vanquished Creatures
  An ice beast (D:5)
  A gnoll (D:5)
  2 orcs (D:5)
4 creatures vanquished.

Notes
Turn   | Place    | Note
-------+----------+-------------------------------------------
     0 | D:5      | GordonOverkill the Vine Stalker Delver began the quest for
                  | the Orb.
     0 | D:5      | Reached XP level 1. HP: 11/11 MP: 2/2
    51 | D:5      | Noticed a gnoll sergeant
    81 | D:5      | Noticed a hound
    87 | D:6      | Noticed a hound
   113 | D:5      | Noticed an ice beast
   124 | D:5      | Reached XP level 2. HP: 3/16 MP: 1/3
   192 | D:5      | Killed an ice beast
   193 | D:5      | Reached XP level 3. HP: 10/21 MP: 2/4
   193 | D:5      | Gained mutation: Your natural rate of healing is unusually
                  | fast. [Vine Stalker growth]
   193 | D:5      | Reached XP level 4. HP: 12/25 MP: 2/5
   220 | D:5      | Succumbed to an orc's poison

Illustrated notes

Levels and vault maps discovered:
D:5:      layout_cave_pools, tgw_kikubaaqudgha, grunt_temple_overflow_diamond
D:6:      cheibrodos_helix_gallery, layout_cave_pools,
          nicolae_gozag_cash_rules_everything_around_me,
          nicolae_ru_great_annihilating_truth, minivault_11, uniq_edmund

Skill      XL: |  1  2 |
---------------+-------+-----
Fighting       | 3 |  3.9
Maces & Flails | 2 3 |  3.3
Dodging        | |  1.5
Stealth        | |  6.0

Action                     |  1- 3 |  4- 6 || total
---------------------------+-------+-------++-------
  Melee: Mace              |     7 |       ||     7
         Dagger            |    13 |     6 ||    19
         Bite              |     7 |     1 ||     8
         Punch             |     1 |       ||     1
    Use: Scroll            |     2 |       ||     2
         Potion            |       |     1 ||     1
   Stab: Sleeping          |     1 |       ||     1
 Armour: Leather armour    |     2 |     7 ||     9
  Dodge: Dodged            |    13 |     2 ||    15

Table legend: (Time is in decaauts)
 A = Elapsed time spent in this place.
 B = Non-inter-level travel time spent in this place.
 C = Inter-level travel time spent in this place.
 D = Time resting spent in this place.
 E = Time spent auto-exploring this place.
 F = Levels seen in this place.
 G = Mean time per level.
                   A        B        C        D        E       F      G
               +--------+--------+--------+--------+--------+-----+--------+
         Total |    221 |    221 |      0 |     98 |      0 |   2 |  110.5 |
       Dungeon |    221 |    221 |      0 |     98 |      0 |   2 |  110.5 |
               +--------+--------+--------+--------+--------+-----+--------+

Top non-repeatable levels by time:
     D:5: 215 daAuts
     D:6: 6 daAuts
